 Dungeon Crawl Stone Soup version bcrawl-1.40.3b (webtiles) character file.

Game seed: 16762248317351821455

142036 patricia the Cudgeler (level 4, 0/47 HPs)
             Began as an Ent Skald on Mar 14, 2024.
             Slain by a bullfrog (7 damage)
             ... on level 3 of the Dungeon.
             The game lasted 00:02:06 (1455 turns).

patricia the Cudgeler (Ent Skald)                   Turns: 1455, Time: 00:02:06

Health: 0/47       AC: 11    Str: 19    XL:     4   Next: 11%
Magic:  16/16      EV: 10    Int: 12    God:
Gold:   194        SH:  0    Dex:  9    Spells: 7/8 levels left

rFire    . . .     GDR:     30% j - +1 mace (holy)
rCold    . . .     SeeInvis .   (no shield)
rNeg     + + +     Gourm    .   (armour unavailable)
rPois    +         Faith    .   (helmet restricted)
rElec    .         Spirit   .   (no cloak)
rCorr    .         Reflect  .   (gloves unavailable)
MR       .....                  (boots unavailable)
Stlth    +.........             c - amulet of magic regeneration
HPRegen  0.17/turn              g - ring of magical power
MPRegen  0.25/turn              q - -2 ring of intelligence (curse)

@: very slow
A: large, slow actions, passwall, strong branches, negative energy resistance 3,
poison resistance, slow metabolism 1, torment resistance, unbreathing, AC +11
a: Passwall


You were on level 3 of the Dungeon.
You were hungry.

You visited 1 branch of the dungeon, and saw 3 of its levels.

You collected 194 gold pieces.

Inventory:

Hand Weapons
 a - a +0 flail
 j - a +1 mace of holy wrath (weapon)
Jewellery
 c - an amulet of magic regeneration (around neck)
 g - a ring of magical power (left hand)
 p - an uncursed ring of protection from magic
 q - a cursed -2 ring of intelligence (right hand)
Scrolls
 b - a scroll of amnesia
 d - a scroll of fear
 f - 2 scrolls of remove curse {unknown}
 i - a scroll of enchant armour {unknown}
 l - 2 scrolls of teleportation {unknown}
 m - a scroll of revelation {unknown}
 n - a scroll of blinking {unknown}
Potions
 h - a potion of degeneration {unknown}
 k - a potion of berserk rage {unknown}
Comestibles
 e - 4 rations {!d}


   Skills:
 + Level 2.4 Fighting
 + Level 3.9 Maces & Flails
 + Level 2.6 Dodging
 + Level 0.2 Stealth
 + Level 2.5 Spellcasting
 + Level 3.6 Charms


You had 7 spell levels left.
You knew the following spells:

 Your Spells              Type           Power        Failure   Level  Hunger
a - Infusion              Chrm           ##......     6%          1    None

Your spell library contained the following spells:

 Spells                   Type           Power        Failure   Level  Hunger
 Song of Slaying          Chrm           ##......     9%          2    ##.....
 Swiftness                Chrm/Air       #.......     19%         2    ##.....
 Ozocubu's Armour         Chrm/Ice       #.......     36%         3    ####...
 Regeneration             Chrm/Necr      #.........   36%         3    ####...
 Spectral Weapon          Hex/Chrm       #.......     36%         3    ####...


Dungeon Overview and Level Annotations

Branches:
Dungeon (3/12)

Altars:


Innate Abilities, Weirdness & Mutations

You move and act slowly.
You can pass through walls and trees.
Your branches can wield two-handed weapons with a shield.
Your thick bark is tough. (AC +11)
You are too large for most types of armour.
You are immune to negative energy. (rN+++)
Your system is resistant to poisons. (rPois)
You have a slow metabolism.
You are immune to unholy pain and torment.
You can survive without breathing.


Message History

The frilled lizard bites you but does no damage.
The bullfrog hits you but does no damage.
The adder bites you. The frilled lizard closely misses you.
The bullfrog hits you!
* * * LOW HITPOINT WARNING * * *
The adder closely misses you.
You barely miss the bullfrog.
The bullfrog is severely wounded.
The bullfrog barely misses you.
The frilled lizard bites you but does no damage.
The adder bites you but does no damage.
The bullfrog hits you but does no damage.
The frilled lizard bites you but does no damage.
The adder closely misses you.
You hit the bullfrog.
The bullfrog is almost dead.
The bullfrog hits you.
* * * LOW HITPOINT WARNING * * *
The bullfrog hits you!
You die...

.# ##. .... #..
......####..### .
......#.......#..
.....#..........
...#..†S.....?
#.#..@F..$#
#.....l..##.
#....?......#
#####............
#...........###..
###.#####+##### .
#<..# #####


You could see a bullfrog, an adder and a frilled lizard.

Vanquished Creatures
  A worker ant (D:3)
  An adder (D:2)
  3 oozes
  3 leopard geckos
  An orc (D:2)
  3 bats
  4 goblins (D:1)
  2 hobgoblins (D:2)
  A quokka (D:1)
  A ball python (D:1)
  5 kobolds
  4 rats
29 creatures vanquished.

Notes
Turn   | Place    | Note
-------+----------+-------------------------------------------
     0 | D:1      | patricia the Ent Skald began the quest for the Orb.
     0 | D:1      | Reached XP level 1. HP: 22/22 MP: 3/3
   245 | D:1      | Reached XP level 2. HP: 30/30 MP: 5/5
   739 | D:1      | Reached XP level 3. HP: 37/37 MP: 6/6
  1444 | D:3      | Noticed a bullfrog
  1448 | D:3      | Reached XP level 4. HP: 29/47 MP: 7/7
  1455 | D:3      | Slain by a bullfrog

Skill      XL: |  1  2  3 |
---------------+----------+-----
Maces & Flails | 3 |  3.9
Fighting       | |  2.4
Dodging        | |  2.6
Stealth        | |  0.2
Spellcasting   | |  2.5
Charms         | |  3.6

Action                   |  1- 3 |  4- 6 || total
-------------------------+-------+-------++-------
Melee: Flail             |    47 |       ||    47
       Mace              |    42 |     8 ||    50
  Use: Scroll            |     1 |       ||     1
  Eat: Chunk             |     3 |       ||     3
Armor: Skin              |    81 |    15 ||    96
Dodge: Dodged            |    90 |    16 ||   106
